 Dungeon Crawl Stone Soup version 0.18-a0-1088-g34ef3a2 (webtiles) character file.

21567 lysy the Thaumaturge (level 12, -4/64 HPs)
             Began as a Deep Elf Fire Elementalist on Jan 15, 2016.
             Was an Elder of Vehumet.
             Slain by a fire crab (11 damage)
             ... on level 4 of the Lair of Beasts on Jan 16, 2016.
             The game lasted 01:29:31 (23403 turns).

lysy the Thaumaturge (Deep Elf Fire Elementalist)  Turns: 23403, Time: 01:29:31

Health: -4/64      AC:  6    Str:  7    XL:     12   Next: 55%
Magic:  29/30      EV: 22    Int: 25    God:    Vehumet [****..]
Gold:   479        SH:  5    Dex: 20    Spells: 9 memorised, 6 levels left

rFire  . . .     SeeInvis .     R - +4 quarterstaff of the New World {crush, Str+2}
rCold  . . .     Gourm    .     O - +2 robe "Hyrchinai" {Dex+4 Slay-4 Stlth+}
rNeg   . . .     Faith    .     (shield currently unavailable)
rPois  .         Spirit   .     J - +0 helmet
rElec  .         Dismiss  .     A - +0 cloak
rCorr  .         Reflect  +     (no gloves)
SustAt .         Harm     .     (no boots)
MR     ++...                    s - +5 amulet of reflection
Stlth  +++++.....               Q - ring of protection from magic
                                o - ring of stealth

@: very resistant to hostile enchantments, quite stealthy
A: clever 1, clumsy 1
a: Renounce Religion


You were on level 4 of the Lair of Beasts.
You worshipped Vehumet.
Vehumet was greatly pleased with you.
You were not hungry.

You visited 3 branches of the dungeon, and saw 14 of its levels.
You also visited: Sewer and Ossuary.

You collected 839 gold pieces.
You spent 360 gold pieces at shops.


Innate Abilities, Weirdness & Mutations

Your mind is acute. (Int +2)
You are clumsy. (Dex -2)


   Skills:
 - Level 2.5 Fighting
 - Level 3.1 Staves
 - Level 11.5 Dodging
 - Level 2.4 Stealth
 + Level 12.5 Spellcasting
 - Level 11.4 Conjurations
 - Level 6.2 Charms
 - Level 3.1 Translocations
 - Level 11.6 Fire Magic


You had 6 spell levels left.
You knew the following spells:

 Your Spells              Type           Power        Failure   Level  Hunger
a - Shroud of Golubria    Chrm/Tloc      #####.....   1%          2    None
b - Blink                 Tloc           N/A          1%          2    None
c - Fireball              Conj/Fire      ######....   1%          5    ###....
e - Apportation           Tloc           ####......   1%          1    None
v - Bolt of Fire          Conj/Fire      ######....   1%          6    #####..
x - Sticky Flame          Conj/Fire      ######..     1%          4    None
z - Throw Flame           Conj/Fire      ######       1%          2    None
X - Iskenderun's Battles  Conj/Chrm      ######..     1%          5    ###....
Z - Conjure Flame         Conj/Fire      ######..     1%          3    None

Inventory:

Hand Weapons
 R - the +4 quarterstaff of the New World (weapon) {crush, Str+2}

   It inflicts extra damage upon your enemies.
   It affects your strength (+2).
Missiles
 k - 11 tomahawks (quivered)
 y - 6 javelins
 K - a throwing net {=f}
Armour
 A - a +0 cloak (worn)
 J - a +0 helmet (worn)
 O - the +2 robe "Hyrchinai" (worn) {Dex+4 Slay-4 Stlth+}

   It affects your dexterity (+4).
   It affects your accuracy and damage with ranged weapons and melee attacks
   (-4).
   It makes you more stealthy.
Jewellery
 a - an uncursed ring of teleportation
 o - a ring of stealth (left hand)
 s - a +5 amulet of reflection (around neck)
 Q - a ring of protection from magic (right hand)
Wands
 r - a wand of disintegration (22/24)
 t - a wand of disintegration (8/24)
 x - a wand of cold (8/15)
 C - a wand of paralysis (15/24)
 E - a wand of digging (11/24)
 N - a wand of random effects (12/48)
Scrolls
 d - a scroll of fear {unknown}
 h - a scroll of fog {unknown}
 i - 2 scrolls of identify {@r1}
 m - a scroll of vulnerability {unknown}
 n - 2 scrolls of teleportation {@r4}
 p - 3 scrolls of enchant weapon {unknown}
 q - 6 scrolls of enchant armour
 u - 2 scrolls of blinking
 w - 2 scrolls of recharging
 z - 3 scrolls of immolation {unknown}
 B - 6 scrolls of remove curse
 H - a scroll of silence {unknown}
Potions
 b - a potion of cancellation
 e - 3 potions of might
 f - 3 potions of flight
 g - a potion of brilliance
 j - 2 potions of berserk rage {!q}
 l - 9 potions of curing {@q1}
 v - a potion of heal wounds {@q2}
 F - 4 potions of agility
Books
 L - a book of Conjurations

   Spells                             Type                      Level
   a - Magic Dart                     Conjuration                  1
   b - Searing Ray                    Conjuration                  2
   c - Dazzling Spray                 Conjuration/Hexes            3
   d - Fulminant Prism                Conjuration/Hexes            4
   e - Iskenderun's Mystic Blast      Conjuration                  4
   f - Iskenderun's Battlesphere      Conjuration/Charms           5
Comestibles
 c - 8 bread rations
 G - 5 fruits
 I - 10 royal jellies

Dungeon Overview and Level Annotations

Branches:
Dungeon (9/15)             Temple (1/1) D:6            Lair (4/8) D:8
  Swamp (0/4) Lair:3        Snake (0/4) Lair:3          Orc (0/2) D:9

Altars:
Ashenzari
Cheibriados
Dithmenos
Elyvilon
Fedhas
Gozag
Kikubaaqudgha
Makhleb
Nemelex Xobeh
Okawaru
Pakellas
Qazlal
Ru
Sif Muna
Trog
Vehumet
Xom
Yredelemnul
Zin
The Shining One

Shops:
D:9

: ▒...⌠.l#.>#⌠#+..##⌠▒▒
+............▒.#..#▒.
▒...÷........▒▒.###▒.
▒▒▒▒▒.▒....⌠..▒▒▒▒▒▒#▒.
▒▒.▒▒.▒.......▒▒ ▒...
..............▒▒ ▒▒▒.
........⌠.).▒..▒ ▒..
▒....##t#...▒.▒▒ ▒▒.
▒▒▒...#e#.▒▒.▒▒ ▒▒.
▒▒..#*#▒...▒ ▒▒..
▒▒▒▒.▒#..▒▒ ▒...
▒......▒ ▒... ▒P...▒▒▒
▒..8 ▒▒...▒ ▒▒...
▒▒▒.▒▒ ▒.▒8. ▒...▒▒
▒▒▒.. ▒.▒..▒▒ ▒▒.


You could see a fire crab and a friendly battlesphere.


Message History

The helpless fire crab fails to defend itself.
You sock the fire crab!
The fire crab is moderately wounded.
The helpless fire crab fails to defend itself.
You hit the fire crab.
The fire crab is moderately wounded.
The helpless fire crab fails to defend itself.
You sock the fire crab!
The fire crab is heavily wounded.
The helpless fire crab fails to defend itself.
You hit the fire crab.
The fire crab is severely wounded.
The fire crab is no longer paralysed.
The fire crab breathes flames at you. The blast of flame engulfs you!
Your battlesphere is engulfed in roaring flames.
You block the fire crab's attack. The fire crab misses you.
You thump the fire crab!
The fire crab is almost dead.
You are engulfed in roaring flames.
* * * LOW HITPOINT WARNING * * *
Your battlesphere is engulfed in roaring flames. x4
The fire crab completely misses you. The fire crab closely misses you.
You hit the fire crab but do no damage.
The fire crab is almost dead.
You are engulfed in roaring flames.
* * * LOW HITPOINT WARNING * * *
Your battlesphere is engulfed in roaring flames. x3
The fire crab bites you!
You die...

Action                   |  1- 3 |  4- 6 |  7- 9 | 10-12 || total
-------------------------+-------+-------+-------+-------++-------
Melee: Dagger            |     7 |       |       |       ||     7
       Club              |    39 |    48 |    10 |     4 ||   101
       Quarterstaff      |       |       |       |    34 ||    34
Throw: Tomahawk          |    52 |    41 |    64 |    47 ||   204
       Stone             |     7 |       |       |       ||     7
       Javelin           |       |     6 |    10 |       ||    16
 Cast: Flame Tongue      |    44 |    81 |   202 |    33 ||   360
       Conjure Flame     |       |    13 |    15 |    16 ||    44
       Sticky Flame      |       |       |    41 |    83 ||   124
       Fireball          |       |       |    23 |    41 ||    64
       Throw Flame       |       |       |       |   267 ||   267
       Iskenderun's Batt |       |       |       |    31 ||    31
       Blink             |       |       |       |    22 ||    22
       Bolt of Fire      |       |       |       |     3 ||     3
       Shroud of Golubri |       |       |       |     2 ||     2
Evoke: Wand              |       |       |       |     1 ||     1
  Use: Scroll            |     4 |     6 |     7 |    10 ||    27
       Potion            |       |     1 |     8 |     5 ||    14
 Stab: Sleeping          |     3 |     1 |       |     2 ||     6
       Petrifying        |     1 |     1 |       |       ||     2
       Paralysed         |       |       |       |     9 ||     9
  Eat: Chunk             |     3 |     7 |     9 |    18 ||    37
       Pizza             |       |     1 |       |     1 ||     2
       Bread ration      |       |     1 |     2 |     1 ||     4
       Royal jelly       |       |       |     1 |     2 ||     3
       Beef jerky        |       |       |     4 |     2 ||     6
       Meat ration       |       |       |     1 |     2 ||     3
       Fruit             |       |       |       |     1 ||     1

Vault maps used:
D:1:      dpeg_arrival_pits, minmay_misc_feat_nine_boxes,
          minmay_misc_feat_plants
D:2:      first_bread, tgw_xom
D:3:      gup_sewer_entry_bubbles
D:4:      nicolae_dithmenos_through_a_glass_darkly, uniq_sigmund
D:5:      nicolae_overflow_crystal_walls, makhleb_altar_promises_db
D:6:      overflow_temple_1_default, nicolae_overflow_hidden_temple,
          minmay_temple_entry_large_hall, basic_altar, grunt_pakellas_basics
D:7:      overflow_temple_1_default, overflow_temple_1_default, enter_ossuary_5,
          grunt_ogre_cave
D:8:      david_lair_generic, uniq_grum
D:9:      david_orc_1_choice, serial_shops, shop
Temple:   nicolae_temple_god_jail
Lair:1:   serial_bayou_shore_b
Lair:2:   basic_altar, serial_bayou_pond_d
Lair:3:   swamp_mist, guppyfry_snake_entry_garden, grunt_megastairs_5,
          lemuel_fruit_fields, infiniplex_staircase_pool_2
Lair:4:   kennysheep_basilisk_garden, grunt_megastairs_3
Sewer:    sewer_kobolds
Ossuary:  ossuary_tomb_2

Notes
Turn   | Place    | Note
--------------------------------------------------------------
     0 | D:1      | lysy the Deep Elf Fire Elementalist began the quest for the Orb.
     0 | D:1      | Reached XP level 1. HP: 10/10 MP: 6/6
   219 | D:1      | Reached XP level 2. HP: 15/15 MP: 4/8
   520 | D:1      | Reached skill level 2 in Conjurations
   615 | D:1      | Reached skill level 4 in Fire Magic
   852 | D:2      | Reached XP level 3. HP: 19/19 MP: 6/9
  1081 | D:2      | Found a shimmering altar of Xom.
  1774 | D:2      | Reached skill level 3 in Conjurations
  2101 | D:2      | Reached XP level 4. HP: 24/24 MP: 8/10
  2128 | D:2      | Learned a level 3 spell: Conjure Flame
  2133 | D:2      | Learned a level 4 spell: Sticky Flame
  2491 | D:3      | Found a glowing drain.
  2695 | Sewer    | Entered a sewer
  2950 | Sewer    | Noticed a big kobold
  2965 | Sewer    | Killed a big kobold
  2965 | Sewer    | Reached skill level 4 in Conjurations
  2965 | Sewer    | Reached skill level 5 in Fire Magic
  2965 | Sewer    | Reached XP level 5. HP: 19/28 MP: 8/11
  3111 | Sewer    | Found a white marble altar of Elyvilon.
  3813 | D:3      | Reached skill level 5 in Conjurations
  4332 | D:4      | Reached XP level 6. HP: 32/32 MP: 3/13
  4379 | D:4      | Reached skill level 4 in Spellcasting
  4994 | D:4      | Reached skill level 5 in Spellcasting
  5043 | D:4      | Learned a level 5 spell: Fireball
  5649 | D:4      | Noticed Sigmund
  5663 | D:4      | Killed Sigmund
  5663 | D:4      | Reached skill level 7 in Spellcasting
  5663 | D:4      | Reached XP level 7. HP: 27/36 MP: 9/19
  5878 | D:4      | Found a shadowy altar of Dithmenos.
  5898 | D:5      | Entered Level 5 of the Dungeon
  6092 | D:5      | Found a blossoming altar of Fedhas.
  6360 | D:5      | Reached skill level 8 in Spellcasting
  6417 | D:5      | Found a burning altar of Makhleb.
  6420 | D:5      | Noticed an Executioner
  6619 | D:5      | Noticed asdu's ghost (amateur SpWn)
  6636 | D:5      | Killed asdu's ghost
  6636 | D:5      | Reached skill level 9 in Spellcasting
  7342 | D:6      | Reached XP level 8. HP: 41/41 MP: 23/23
  7455 | D:6      | Found a staircase to the Ecumenical Temple.
  7491 | Temple   | Entered the Ecumenical Temple
  7791 | D:6      | Found a basalt altar of Yredelemnul.
  7793 | D:6      | Found a radiant altar of Vehumet.
  7826 | D:6      | Found an oddly glowing altar of Pakellas.
  8248 | D:6      | Reached skill level 6 in Fire Magic
  8440 | D:6      | Found a bloodstained altar of Trog.
  8493 | D:6      | Found a bloodstained altar of Trog.
  8829 | D:7      | Found a burning altar of Makhleb.
  8836 | D:7      | Found a sand-covered staircase.
  8841 | Ossuary  | Entered an ossuary
  8882 | Ossuary  | Reached skill level 6 in Conjurations
  8888 | Ossuary  | Reached skill level 10 in Spellcasting
  9693 | D:7      | Reached skill level 7 in Fire Magic
  9706 | D:7      | Reached skill level 7 in Conjurations
  9886 | D:7      | Reached XP level 9. HP: 32/45 MP: 9/25
 10385 | D:6      | Became a worshipper of Vehumet
 10683 | D:7      | Found a glowing golden altar of the Shining One.
 10698 | D:7      | Reached skill level 8 in Conjurations
 10698 | D:7      | Reached skill level 8 in Fire Magic
 11663 | D:7      | HP: 4/45 [killer bee (8)]
 11664 | D:7      | HP: 1/45 [killer bee (10)]
 12029 | D:8      | Noticed Grum
 12039 | D:8      | Reached skill level 9 in Conjurations
 12039 | D:8      | Reached skill level 9 in Fire Magic
 12045 | D:8      | Killed Grum
 12403 | D:8      | Noticed an elephant
 12496 | D:7      | Reached * piety under Vehumet
 12496 | D:7      | Offered knowledge of Magic Dart by Vehumet.
 12766 | D:8      | Found a staircase to the Lair.
 12958 | D:8      | Reached XP level 10. HP: 50/50 MP: 16/26
 13035 | D:8      | Reached skill level 11 in Spellcasting
 13133 | D:8      | Got a sheer robe
 13144 | D:8      | Identified the +2 robe "Hyrchinai" {Dex+4 Slay-4 Stlth+} (You found it on level 8 of the Dungeon)
 13309 | D:8      | Got an encrusted flail
 13310 | D:8      | Identified the +10 flail of Woopog {drain, Fragile rF- Int+9} (You found it on level 8 of the Dungeon)
 13524 | D:8      | Reached skill level 1 in Fighting
 13638 | D:8      | Reached skill level 3 in Dodging
 13778 | D:8      | Killed an elephant
 13778 | D:8      | Reached skill level 2 in Fighting
 13778 | D:8      | Reached skill level 4 in Dodging
 14074 | D:9      | Got a fine quarterstaff
 14075 | D:9      | Identified the +4 quarterstaff of the New World {crush, Str+2} (You found it on level 9 of the Dungeon)
 14227 | D:9      | Reached skill level 1 in Staves
 14418 | D:9      | Reached skill level 2 in Staves
 14528 | D:9      | Found a staircase to the Orcish Mines.
 14548 | D:9      | Reached skill level 3 in Staves
 14914 | D:9      | Learned a level 2 spell: Throw Flame
 15064 | D:9      | Found Jehaxkeu's Book Shop.
 15067 | D:9      | Bought a book of Conjurations for 360 gold pieces
 15070 | D:9      | Learned a level 2 spell: Blink
 15072 | D:9      | Learned a level 1 spell: Apportation
 15078 | D:9      | Learned a level 5 spell: Iskenderun's Battlesphere
 15081 | D:9      | Learned a level 2 spell: Shroud of Golubria
 15161 | D:9      | Reached skill level 1 in Charms
 15314 | D:9      | Reached skill level 3 in Charms
 15561 | D:9      | Reached skill level 4 in Charms
 15765 | Lair:1   | Entered Level 1 of the Lair of Beasts
 15771 | Lair:1   | Reached skill level 5 in Charms
 15974 | Lair:1   | Reached skill level 6 in Charms
 16197 | Lair:1   | Reached skill level 5 in Dodging
 16413 | Lair:1   | Noticed a spiny frog
 16419 | Lair:1   | Killed a spiny frog
 16419 | Lair:1   | Reached skill level 6 in Dodging
 16670 | Lair:1   | Gained mutation: You are frail (-10% HP). [potion of mutation]
 16670 | Lair:1   | Lost mutation: You are frail (-10% HP). [potion of mutation]
 16670 | Lair:1   | Gained mutation: You are clumsy. (Dex -2) [potion of mutation]
 16671 | Lair:1   | Gained mutation: You tend to lose your temper in combat. [potion of mutation]
 16671 | Lair:1   | Gained mutation: Your spells are a little harder to cast, but a little more powerful. [potion of mutation]
 16671 | Lair:1   | Gained mutation: Your mind is acute. (Int +2) [potion of mutation]
 16672 | Lair:1   | Lost mutation: You tend to lose your temper in combat. [potion of cure mutation]
 16672 | Lair:1   | Lost mutation: Your spells are a little harder to cast, but a little more powerful. [potion of cure mutation]
 16761 | Lair:1   | Reached skill level 7 in Dodging
 16955 | Lair:1   | Reached XP level 11. HP: 58/58 MP: 23/28
 16965 | Lair:1   | Reached ** piety under Vehumet
 16965 | Lair:1   | Offered knowledge of Freeze by Vehumet.
 17080 | Lair:1   | Reached skill level 8 in Dodging
 17941 | Lair:2   | Found a glowing silver altar of Zin.
 18057 | Lair:2   | Reached skill level 9 in Dodging
 18290 | Lair:2   | Offered knowledge of Ignite Poison by Vehumet.
 18347 | Lair:2   | Reached skill level 10 in Dodging
 18867 | Lair:2   | Reached skill level 11 in Dodging
 19393 | Lair:3   | Reached *** piety under Vehumet
 19394 | Lair:3   | Found a staircase to the Swamp.
 19412 | Lair:3   | Found a staircase to the Snake Pit.
 19447 | Lair:3   | Reached skill level 10 in Fire Magic
 19457 | Lair:3   | Reached skill level 10 in Conjurations
 19974 | Lair:3   | Reached skill level 1 in Translocations
 19976 | Lair:3   | Reached skill level 2 in Translocations
 19978 | Lair:3   | Offered knowledge of Throw Icicle by Vehumet.
 19978 | Lair:3   | Reached skill level 3 in Translocations
 20296 | Lair:3   | Reached XP level 12. HP: 64/64 MP: 14/29
 20325 | Lair:3   | You fall through a shaft!
 20543 | Lair:4   | Reached **** piety under Vehumet
 20661 | Lair:4   | Offered knowledge of Force Lance by Vehumet.
 20765 | Lair:4   | Reached skill level 11 in Fire Magic
 20915 | Lair:4   | Reached skill level 11 in Conjurations
 21486 | Lair:4   | Reached ***** piety under Vehumet
 21631 | Lair:4   | Offered knowledge of Bolt of Fire by Vehumet.
 21671 | Lair:4   | Learned a level 6 spell: Bolt of Fire
 22436 | Lair:3   | HP: 3/64 [elephant (18)]
 22624 | Lair:3   | Reached skill level 12 in Spellcasting
 23403 | Lair:4   | HP: 6/64 [fire crab] (23)]
 23403 | Lair:4   | Slain by a fire crab

Vanquished Creatures
  10 elephants
  A black mamba (Lair:3)
  3 spiny frogs
  A torpor snail (Lair:4)
  3 komodo dragons
  A fire drake (Lair:2)
  A troll (D:9)
  A queen bee (Lair:3)
  9 blink frogs
  Sigmund (D:4)
  13 yaks
  2 hungry ghosts
  6 basilisks
  2 steam dragons
  6 hippogriffs
  Grum (D:8)
  3 wolves (D:8)
  2 nagas (Lair:3)
  A warg (D:9)
  10 porcupines
  6 water moccasins
  The ghost of asdu the Sneak, an amateur SpWn (D:5)
  3 sky beasts
  2 black bears
  4 orc warriors
  3 ogres
  2 centaurs
  10 crocodiles
  2 big kobolds
  12 giant frogs
  A wyvern zombie (D:7)
  5 water moccasin zombies (Ossuary)
  A scorpion (D:4)
  31 killer bees
  A crimson imp (D:6)
  2 giant frog zombies (D:6)
  4 jellies
  7 orc wizards
  5 orc priests
  A giant frog skeleton (D:8)
  2 hounds
  4 centaur skeletons
  9 iguanas
  6 worker ants
  16 sheep
  2 big kobold zombies (Ossuary)
  A hound zombie (D:8)
  A hound skeleton (D:9)
  2 mummies (Ossuary)
  A worker ant zombie (D:5)
  4 gnolls
  14 adders
  51 river rats
  2 shadow imps (D:8)
  An ooze (D:3)
  5 adder zombies
  An adder skeleton (D:2)
  4 worms
  3 giant geckos
  25 orcs
  12 bats
  4 giant cockroaches
  10 goblins
  5 hobgoblins
  18 jackals
  4 quokkas
  A ball python (D:5)
  2 giant gecko skeletons
  A giant gecko zombie (D:5)
  9 giant newts
  3 gnoll zombies (Ossuary)
  4 hobgoblin zombies (Ossuary)
  19 kobolds
  8 kobold zombies (Ossuary)
  7 orc zombies (Ossuary)
  A quokka skeleton (D:5)
  A quokka zombie (D:8)
  12 rats
  A butterfly (Lair:3)
456 creatures vanquished.

Vanquished Creatures (others)
  2 fungi
  2 plants
4 creatures vanquished.

Grand Total: 460 creatures vanquished
